 Dungeon Crawl Stone Soup version 0.25.1-2-g60ff931df9 (webtiles) character file.

Game seed: 14787238686324475069

84 Elvor the Shield-Bearer (level 4, -1/29 HPs)
             Began as a Gargoyle Fighter on Sept 23, 2020.
             Slain by a gnoll
             ... wielding a +0 flail
              (6 damage)
             ... on level 1 of the Dungeon.
             The game lasted 00:09:52 (1161 turns).

Elvor the Shield-Bearer (Gargoyle Fighter)          Turns: 1161, Time: 00:09:52

Health: -1/29      AC: 10    Str: 21    XL:     4   Next: 45%
Magic:  4/4        EV:  7    Int:  8    God:
Gold:   88         SH:  9    Dex:  9    Spells: 3/3 levels left

rFire    . . .     SeeInvis .   a - +0 flail
rCold    . . .     Gourm    .   c - +0 kite shield
rNeg     + . .     Faith    .   b - +0 scale mail
rPois    ∞         Spirit   .   (no helmet)
rElec    +         Reflect  .   (no cloak)
rCorr    .         Harm     .   (no gloves)
MR       .....                  (no boots)
Stlth    ..........             (no amulet)
HPRegen  0.09/turn              (no ring)
MPRegen  0.09/turn              (no ring)

@: no status effects
A: negative energy resistance 1, electricity resistance, unbreathing,
petrification resistance, rot immunity, AC +3
a: no special abilities


You were on level 1 of the Dungeon.
You were not hungry.

You visited 1 branch of the dungeon, and saw 2 of its levels.

You collected 88 gold pieces.

Inventory:

Hand Weapons
 a - a +0 flail (weapon)
Armour
 b - a +0 scale mail (worn)
 c - a +0 kite shield (worn)
Scrolls
 e - a scroll of noise {unknown}
 h - 4 scrolls of identify {unknown}
 j - 2 scrolls of teleportation {unknown}
 k - a scroll of enchant armour {unknown}
 n - a scroll of magic mapping {unknown}
 o - a scroll of remove curse {unknown}
Potions
 d - 4 potions of might
 g - a potion of curing {unknown}
 l - a potion of stabbing {unknown}
 m - a potion of lignification {unknown}
Comestibles
 f - 5 rations
 i - 3 chunks of flesh


   Skills:
 + Level 3.6 Fighting
 * Level 3.4 Maces & Flails
 + Level 3.5 Armour
 + Level 0.4 Dodging
 + Level 4.0 Shields


You had 3 spell levels left.
You didn't know any spells.
Your spell library was empty.

Dungeon Overview and Level Annotations

Branches:
Dungeon (2/15)

Altars:


Innate Abilities, Weirdness & Mutations

You are resistant to torment.
Your stone body is resilient. (AC +3)
You are immune to poison.
You resist negative energy. (rN+)
You are resistant to electric shocks. (rElec)
You can survive without breathing.
You are immune to petrification.
You are immune to rotting.


Message History

Found an escape hatch in the floor.
An adder comes into view.
The adder hisses angrily.
Found an escape hatch in the ceiling.
There is a stone staircase leading up here.
The gnoll hits you but does no damage.
You climb upwards.
There is a stone staircase leading down here.
You climb downwards.
The gnoll barely misses you.
There is a stone staircase leading up here.
The gnoll barely misses you.
You climb upwards.
There is a stone staircase leading down here.
You closely miss the gnoll. The gnoll hits you but does no damage.
You closely miss the gnoll. The gnoll hits you with a +0 flail.
* * * LOW HITPOINT WARNING * * *
You closely miss the gnoll. The gnoll hits you but does no damage.
Your shield and scale mail prevent you from hitting the gnoll.
The gnoll hits you with a +0 flail.
You die...

♣≈.≈♣ ♣≈.## #.######.####### #
♣≈≈≈♣♣♣≈≈.#####.#...........# #
≈≈.≈≈≈≈≈≈.......######.######
.≈)≈.÷...###.#### #.#
≈≈.≈≈≈≈≈.# #.# #.#
♣≈.≈♣♣♣≈≈###.## ##'# ♣≈≈≈♣
♣≈.##.#.## #..########
♣≈.≈♣♣♣≈.#.###.######.........#
≈≈≈≈≈≈≈≈≈.##
##.@g....###.###.###
...≈≈≈≈.≈..###.######## #.#
#.... ≈≈≈≈≈≈≈≈..#.#.##
#.###.### ♣≈.≈♣♣♣≈..##.##
#.....# ♣≈.≈♣ ♣≈≈###.# #######
♣≈≈≈♣♣♣≈≈###.# ≈≈≈≈≈≈≈≈.....#
..≈≈..≈≈≈.#### ###.......#


You could see a gnoll.

Vanquished Creatures
  A gnoll (D:2)
  3 adders (D:2)
  A dart slug (D:2)
  3 giant cockroaches
  8 hobgoblins
  6 kobolds
  2 ball pythons
  5 bats
  6 frilled lizards
  5 goblins
  7 rats
47 creatures vanquished.

Notes
Turn   | Place    | Note
-------+----------+-------------------------------------------
     0 | D:1      | Elvor the Gargoyle Fighter began the quest for the Orb.
     0 | D:1      | Reached XP level 1. HP: 14/14 MP: 1/1
   174 | D:1      | Reached XP level 2. HP: 12/19 MP: 2/2
   823 | D:2      | Reached XP level 3. HP: 23/23 MP: 3/3
  1104 | D:2      | Reached XP level 4. HP: 14/28 MP: 4/4
  1130 | D:2      | Reached skill level 4 in Shields
  1161 | D:1      | Slain by a gnoll

Illustrated notes

Levels and vault maps discovered:
D:1:      shiori_shiawase, layout_loops_ring, kennysheep_boxes
D:2:      layout_rooms

Skill      XL: |  1  2  3  4 |
---------------+-------------+-----
Maces & Flails | 3 |  3.4
Shields        | 4 |  4.0
Fighting       | |  3.6
Armour         | |  3.5
Dodging        | |  0.4

Action                   |  1- 3 |  4- 6 || total
-------------------------+-------+-------++-------
Melee: Flail             |   212 |    30 ||   242
  Eat: Chunk             |     1 |     1 ||     2
Armor: Scale mail        |   116 |    16 ||   132
Dodge: Dodged            |    60 |     7 ||    67
Block: Kite shield       |   106 |    14 ||   120
